 Dungeon Sprint DCSS version 0.20-a0-1034-gb277f92 (webtiles) character file.

621 galech the Nimble (level 7, -1/78 HPs)
             Began as a Troll Monk on Apr 21, 2017.
             Was a Believer of Elyvilon.
             Asphyxiated
             ... in the Dungeon (Sprint I: "Red Sonja").
             The game lasted 00:01:42 (394 turns).

galech the Nimble (Troll Monk)                       Turns: 394, Time: 00:01:43

Health: -1/78      AC:  5    Str: 22    XL:     7   Next: 22%
Magic:  5/6        EV: 14    Int:  6    God:    Elyvilon [**....]
Gold:   297        SH:  0    Dex: 12    Spells: 6/6 levels left

rFire    . . .     SeeInvis .     - Unarmed
rCold    . . .     Gourm    +   (no shield)
rNeg     . . .     Faith    .   a - +0 robe
rPois    .         Spirit   .   (helmet restricted)
rElec    .         Reflect  .   (no cloak)
rCorr    .         Harm     .   (gloves unavailable)
MR       .....     NoTele   +   (boots unavailable)
Stlth    +++.......             (no amulet)
Regen    0.7/turn               (no ring)
MPRegen  0.1/turn               (no ring)

@: lethally poisoned (-1 -> -31), slowed, very slow
A: unfitting armour, claws 3, fast metabolism 3, gourmand, regeneration 1,
shaggy fur 1, tough skin 2
a: Lesser Healing, Heal Other, Divine Protection, Renounce Religion


You were in the Dungeon.
You worshipped Elyvilon.
Elyvilon was pleased with you.
You were completely stuffed.

You visited 1 branch You collected 297 gold pieces.

Inventory:

Armour
 a - a +0 robe (worn)
Scrolls
 h - a scroll of blinking
 j - a scroll of fear {unknown}
Potions
 c - a potion of curing
 d - a potion of heal wounds
 e - a potion of haste
 f - 2 potions of magic
 g - a potion of berserk rage
Comestibles
 b - 2 bread rations
 i - 5 chunks of flesh


   Skills:
 + Level 7.4 Fighting
 + Level 8.1 Dodging
 + Level 5.5 Stealth
 + Level 6.5 Unarmed Combat


You had 6 spell levels left.
You didn't know any spells.

Dungeon Overview and Level Annotations

Branches:
Dungeon (1/1)

Altars:
Cheibriados
Dithmenos
Elyvilon
Fedhas
Gozag
Hepliaklqana
Kikubaaqudgha
Makhleb
Nemelex Xobeh
Okawaru
Qazlal
Ru
Sif Muna
Trog
Uskayaw
Vehumet
Wu Jian
Xom
Yredelemnul
Zin
The Shining One
Jiyva
Lugonu

Shops:
D [

Annotations:
D Sonja


Innate Abilities, Weirdness & Mutations

You are too large for most types of armour.
You have claws for hands.
Your metabolism is lightning-fast.
You like to eat raw meat.
Your natural rate of healing is unusually fast.
You are covered in fur. (AC +1)
You have very tough skin. (AC +2)


Message History

You are healed.
You feel somewhat less full.
* * * LOW HITPOINT WARNING * * *
You feel very sick.
Sonja shoots a curare-tipped needle.
The curare-tipped needle barely misses you.
Sonja shouts, "Some dancing partner you are!"
Sonja shoots a curare-tipped needle.
The curare-tipped needle hits you.
You are more poisoned.
You have difficulty breathing.
* * * LOW HITPOINT WARNING * * *
You feel as though you will be slow longer.
You open the door.
* * * LOW HITPOINT WARNING * * *
You feel very sick.
Sonja shoots a curare-tipped needle.
The curare-tipped needle closely misses you.
Sonja shoots a curare-tipped needle.
The curare-tipped needle hits you.
You are more poisoned.
You have difficulty breathing.
You die...

#..#####'#####'#__#
#..####..#...#[####?$#
#..#__####..##.#≈§§§c
#..#_____##'#_.'≈≈§§
#⌠⌠#_.∩..÷'.K._#§§≈.c
####_..__##_.#+##+###
#_____###'#
#########.##
......'@($+
+++####(.$# ##.## #+#


You could see Sonja.

Vanquished Creatures
  A slime creature (D)
  Sigmund (D)
  A yak (D)
  An ogre (D)
  A jelly (D)
  Ijyb (D)
6 creatures vanquished.

Notes
Turn   | Place    | Note
-------+----------+-------------------------------------------
     0 | D        | galech the Troll Monk began the quest for the Orb.
     0 | D        | Reached XP level 1. HP: 23/23 MP: 0/0
     6 | D        | Noticed Ijyb
    25 | D        | Killed Ijyb
    25 | D        | Reached skill level 4 in Dodging
    25 | D        | Reached XP level 2. HP: 27/32 MP: 1/1
    35 | D        | Noticed an ogre
    41 | D        | Killed an ogre
    41 | D        | Reached skill level 5 in Fighting
    41 | D        | Reached skill level 5 in Dodging
    41 | D        | Reached XP level 3. HP: 42/42 MP: 2/2
    41 | D        | Reached XP level 4. HP: 50/50 MP: 3/3
    46 | D        | Noticed Sigmund
    65 | D        | Killed Sigmund
    65 | D        | Reached skill level 6 in Dodging
    65 | D        | Reached XP level 5. HP: 19/61 MP: 4/4
   159 | D        | Found a deep blue altar of Sif Muna.
   160 | D        | Found an ornate altar of the Wu Jian Council.
   161 | D        | Found a radiant altar of Vehumet.
   166 | D        | Reached skill level 7 in Dodging
   166 | D        | Reached XP level 6. HP: 68/68 MP: 5/5
   172 | D        | Found a viscous altar of Jiyva.
   172 | D        | Found a corrupted altar of Lugonu.
   172 | D        | Noticed a slime creature
   173 | D        | Found a burning altar of Makhleb.
   173 | D        | Found a shimmering altar of Xom.
   183 | D        | Killed a slime creature
   183 | D        | Reached skill level 5 in Stealth
   183 | D        | Reached skill level 5 in Unarmed Combat
   266 | D        | Noticed a centaur warrior
   266 | D        | Noticed a centaur warrior
   270 | D        | Found Mevaytz's Antique Armour Emporium.
   270 | D        | Found an ancient bone altar of Kikubaaqudgha.
   270 | D        | Found a hazy altar of Hepliaklqana.
   270 | D        | Found a stormy altar of Qazlal.
   270 | D        | Found a hide-covered altar of Uskayaw.
   270 | D        | Found a blossoming altar of Fedhas.
   270 | D        | Found a bloodstained altar of Trog.
   270 | D        | Found an iron altar of Okawaru.
   270 | D        | Found a basalt altar of Yredelemnul.
   270 | D        | Found a glowing golden altar of the Shining One.
   270 | D        | Found a snail-covered altar of Cheibriados.
   270 | D        | Found a sacrificial altar of Ru.
   270 | D        | Found a glowing silver altar of Zin.
   270 | D        | Found a shadowy altar of Dithmenos.
   270 | D        | Found a white marble altar of Elyvilon.
   270 | D        | Noticed a yak
   271 | D        | Found an opulent altar of Gozag.
   279 | D        | Killed a yak
   279 | D        | Reached skill level 8 in Dodging
   279 | D        | Reached XP level 7. HP: 29/78 MP: 6/6
   280 | D        | Found a sparkling altar of Nemelex Xobeh.
   361 | D        | Became a worshipper of Elyvilon the Healer
   361 | D        | Reached * piety under Elyvilon
   361 | D        | Reached ** piety under Elyvilon
   386 | D        | Noticed Sonja
   394 | D        | Asphyxiated

Vault maps used:
D:        dungeon_sprint_1

Skill      XL: |  1  2  3  4  5  6 |
---------------+-------------------+-----
Fighting       | 4 5 6 7 |  7.4
Dodging        | 4 5 6 7 8 |  8.1
Stealth        | 3 4 5 |  5.5
Unarmed Combat | 2 3 4 6 |  6.5

Action                   |  1- 3 |  4- 6 |  7- 9 || total
-------------------------+-------+-------+-------++-------
Melee: Unarmed           |    22 |    36 |     2 ||    60
Invok: Lesser Healing    |       |       |     1 ||     1
 Stab: Sleeping          |     1 |     2 |       ||     3
  Eat: Chunk             |     3 |     5 |     1 ||     9
Armor: Robe              |     4 |     3 |       ||     7
Dodge: Dodged            |     9 |     8 |     4 ||    21
